 Dungeon Crawl Stone Soup version 0.30-a0-737-gf23d94013f (webtiles) character file.

Game seed: 17594475664048251841

23 M4edhros the Insei (level 2, 0/18 HPs)
             Began as an Octopode Transmuter on Feb 2, 2023.
             Slain by an orc
             ... wielding a +0 whip
              (6 damage)
             ... on level 3 of the Dungeon.
             The game lasted 00:00:45 (294 turns).

M4edhros the Insei (Octopode Transmuter)             Turns: 294, Time: 00:00:46

Health: 0/18       AC:  1    Str:  9    XL:     2   Next: 95%
Magic:  5/5        EV: 13    Int: 15    God:
Gold:   29         SH:  0    Dex: 12    Spells: 4/5 levels left

rFire   . . .      SeeInvis .      - Unarmed
rCold   . . .      Faith    .    (no shield)
rNeg    . . .      Spirit   .    (helmet restricted)
rPois   .          Reflect  .    (no amulet)
rElec   .          Harm     .    (no ring)
rCorr   .          Rampage  .    (no ring)
Will    .....                    (no ring)
Stlth   ++                       (no ring)
HPRegen 0.23/turn                (no ring)
MPRegen 0.09/turn                (no ring)
                                 (no ring)
                                 (no ring)

@: no status effects
A: almost no armour, amphibious, 8 rings, camouflage 1, gelatinous body 1,
(nimble swimmer 1), tentacles
a: no special abilities


You were on level 3 of the Dungeon.
You visited 1 branch of the dungeon, and saw 4 of its levels.

You collected 29 gold pieces.

Inventory:

Scrolls
 b - a scroll of noise {unknown}
 f - 2 scrolls of magic mapping {unknown}
Potions
 a - a potion of lignification
 d - a potion of might {unknown}
 e - a potion of heal wounds {unknown}
 g - a potion of degeneration {unknown}
 h - a potion of flight {unknown}


   Skills:
 - Level 1.0 Fighting
 - Level 2.0 Dodging
 + Level 3.5 Unarmed Combat
 - Level 2.0 Spellcasting
 + Level 2.7 Transmutations


You had 4 spell levels left.
You knew the following spells:

 Your Spells              Type           Power      Damage    Failure   Level
a - Beastly Appendage     Tmut           18%        N/A       7%          1

Your spell library contained the following spells:

 Spells                   Type           Power      Damage    Failure   Level
 Wereblood                Tmut           9%         N/A       11%         2
 Cigotuvi's Dreadful Rot  Necr/Pois/Air  2%         N/A       32%         2
 Poisonous Vapours        Pois/Air       2%         N/A       32%         2
 Spider Form              Tmut/Pois      5%         N/A       36%         3
 Mephitic Cloud           Conj/Pois/Air  1%         N/A       54%         3
 Ice Form                 Ice/Tmut       5%         N/A       77%         4


Dungeon Overview and Level Annotations

Branches:
Dungeon (4/15)             Temple (0/1) D:4

Altars:
Ru


Innate Abilities, Weirdness & Mutations

You cannot wear most types of armour.
You are amphibious.
You can wear up to eight rings at the same time.
Your skin changes colour to match your surroundings (Stealth+).
Your rubbery body absorbs attacks. (AC +1, EV +1)
((You are camouflaged when in or above water. (Stealth+)))
You have tentacles for arms and can constrict up to eight enemies at once.


Message History

Found a club and storm dragon scales.
h - a metallic clear potion 2 orcs come into view.
The orc shouts!
You hear a shout!
The orc shouts!
An orc comes into view. It is wielding a +0 whip.
There are monsters nearby!
Found a staircase to the Ecumenical Temple.
An orc comes into view. It is wielding a +0 dagger.
There is a stone staircase leading up here.
The orc shouts!
You tentacle-slap the orc. Your grab misses the orc.
The orc is lightly wounded.
The orc closely misses you.
You tentacle-slap the orc. Your grab misses the orc.
Your squeeze misses the orc.
The orc is heavily wounded.
The orc hits you with a +0 whip. The orc closely misses you.
The orc hits you with a +0 whip.
You climb upwards.
There is a stone staircase leading down here.
You closely miss the orc. Your grab misses the orc.
The orc is heavily wounded.
The orc closely misses you. The orc barely misses you.
You tentacle-slap the orc. You grab the orc. You squeeze the orc.
You kill the orc!
The orc hits you with a +0 whip.
An adder comes into view.
The adder hisses angrily.
You tentacle-slap the orc but do no damage.
You grab the orc. You constrict the orc. The orc hits you with a +0 whip.
You tentacle-slap the orc but do no damage.
You squeeze the orc, but do no damage.
You constrict the orc, but do no damage.
The orc hits you with a +0 whip.
You are too injured to fight recklessly!
You are too injured to fight recklessly!
You aren't carrying any items that you can evoke.
It was a potion of cancellation.
You feel magically purged.
You constrict the orc. The orc hits you with a +0 whip.
You die...

#### ########.# #
.##########<...)...#
#
...........)######.#
# .#####..##### #
#..# # #
######..#### ##.#
...........# <.#
#.####.)##.# ##.#
#.o@.# .# # .#
#..#S# .# # .#
#.###.... . .S #.
##.# # .. .. .# . ..
## ##


You could see an adder and an orc.

Vanquished Creatures
  An adder (D:2)
  An orc (D:3)
  2 endoplasms (D:4)
  2 goblins
  2 hobgoblins
  A quokka (D:2)
  2 bats
  A kobold (D:3)
12 creatures vanquished.

Notes
Turn   | Place    | Note
-------+----------+-------------------------------------------
     0 | D:1      | M4edhros the Octopode Transmuter began the quest for the
                  | Orb.
     0 | D:1      | Reached XP level 1. HP: 13/13 MP: 3/3
    60 | D:2      | Reached XP level 2. HP: 16/18 MP: 5/5
    70 | D:2      | Found a sacrificial altar of Ru.
    80 | D:2      | You fall into a shaft and drop 1 floor!
   263 | D:4      | Found a staircase to the Ecumenical Temple.
   294 | D:3      | Slain by an orc

Illustrated notes

Levels and vault maps discovered:
D:1:      minmay_arrival_split_and_join, layout_basic, minmay_pentomino_r4
D:2:      layout_rooms, basic_altar
D:3:      layout_loops_ring, mainiacjoe_overflow_alcove_2,
          nicolae_tso_carved_into_rock,
          dreamdust_ecumenical_altar_hidden_monk_grotto
D:4:      layout_gridville, mainiacjoe_overflow_catwalk_spiral,
          minmay_temple_entry_butterflies, serial_shops, nicolae_lakefront_shop

Action                     || total
---------------------------++-------
  Melee: Unarmed           ||    27
         Constrict         ||     9
         Tentacles         ||     7
         Punch             ||     3
    Use: Potion            ||     1
   Stab: Sleeping          ||     2
 Armour: Skin              ||     2
  Dodge: Dodged            ||    15

Table legend: (Time is in decaauts)
 A = Elapsed time spent in this place.
 B = Non-inter-level travel time spent in this place.
 C = Inter-level travel time spent in this place.
 D = Time resting spent in this place.
 E = Time spent auto-exploring this place.
 F = Levels seen in this place.
 G = Mean time per level.
                   A        B        C        D        E       F      G
               +--------+--------+--------+--------+--------+-----+--------+
         Total |    292 |    274 |     18 |      0 |    151 |   4 |   73.0 |
       Dungeon |    292 |    274 |     18 |      0 |    151 |   4 |   73.0 |
               +--------+--------+--------+--------+--------+-----+--------+

Top non-repeatable levels by time:
     D:4: 125 daAuts
     D:2: 102 daAuts
     D:3: 41 daAuts
     D:1: 22 daAuts
